 Dungeon Crawl Stone Soup version 0.31-a0-569-g7ea453304b (webtiles) character file.

Game seed: 16434355014281448501

428 AdnanSaban the Cudgeller (level 6, -1/39 HPs)
             Began as a Gargoyle Fighter on Aug 18, 2023.
             Slain by Pikel
             ... wielding a +0 whip of flaming
              (3 damage)
             ... on level 3 of the Dungeon.
             The game lasted 00:02:51 (2852 turns).

AdnanSaban the Cudgeller (Gargoyle Fighter)         Turns: 2852, Time: 00:02:51

Health: -1/39      AC: 18    Str: 28    XL:     6   Next: 98%
Magic:  6/6        EV:  7    Int:  8    God:
Gold:   176        SH:  4    Dex:  9    Spells: 5/5 levels left

rFire   . . .        a - +0 flail
rCold   . . .        c - +0 buckler
rNeg    + . .        g - +0 plate armour
rPois   ∞            o - +1 helmet
rElec   +            (no cloak)
rCorr   .            (no gloves)
SInv    .            (no boots)
Will    .....        (no amulet) Stlth
                     e - +6 ring of strength
HPRegen 0.26/turn    (no ring)
MPRegen 0.10/turn

%: no passive effects
@: mighty
A: sickness immunity, AC +4, negative energy resistance 1, electricity
resistance, torment resistance 1, petrification resistance
a: no special abilities


You were on level 3 of the Dungeon.
You visited 1 branch of the dungeon, and saw 4 of its levels.

You collected 176 gold pieces.

Inventory:

Hand Weapons
 a - a +0 flail (weapon)
Missiles
 p - 3 boomerangs
Armour
 c - a +0 buckler (worn)
 g - a +0 plate armour (worn)
 o - a +1 helmet (worn)
Jewellery
 e - a +6 ring of strength (left hand)
 f - a ring of ice
Wands
 n - a wand of flame (29)
Scrolls
 b - 3 scrolls of identify {unknown}
 k - a scroll of enchant weapon {unknown}
 l - 2 scrolls of blinking {unknown}
 m - a scroll of amnesia {unknown}
 q - a scroll of fog {unknown}
Potions
 d - a potion of might
 h - 3 potions of heal wounds {unknown}
 i - 2 potions of lignification {unknown}
 j - 2 potions of curing {unknown}


   Skills:
 + Level 4.5 Fighting
 + Level 5.2 Maces & Flails
 + Level 4.8 Armour
 + Level 0.2 Dodging
 + Level 4.0 Shields


You had 5 spell levels left.
You didn't know any spells.
Your spell library contained the following spells:

 Spells                   Type           Power      Damage    Failure   Level
 Freeze                   Ice            0%         1d3       99%         1
 Necrotise                Necr           0%         1d4       99%         1
 Wereblood                Tmut           0%         N/A       100%        2
 Frozen Ramparts          Ice            0%         1d1       100%        3
 Hailstorm                Conj/Ice       0%         3d3       100%        3
 Vampiric Draining        Necr           0%         2d6       100%        3
 Petrify                  Tmut/Erth      0%         N/A       100%        4
 Agony                    Necr           0%         N/A       100%        5
 Irradiate                Conj/Tmut      0%         3d11      100%        5
 Sublimation of Blood     Necr           Unusable   N/A       N/A         2

Dungeon Overview and Level Annotations

Branches:
Dungeon (4/15)
 Temple: D:4-7

Altars:
Gozag

Annotations:
D:3 Pikel
D:4 Edmund


Innate Abilities, Weirdness & Mutations

You are immune to sickness and miasma.
Your stone body is resilient. (AC +4)
You are immune to poison.
You resist negative energy. (rN+)
You are resistant to electric shocks. (rElec)
You are resistant to unholy torment.
You are immune to petrification.


Message History

Pikel hits you with a +0 whip of flaming!
Pikel burns you.
You hit Pikel but do no damage. Pikel completely misses you.
You hit Pikel.
Pikel is lightly wounded.
Pikel barely misses you.
Pikel hits you with a +0 whip of flaming.
Pikel burns you.
You closely miss Pikel.
Pikel is lightly wounded.
Pikel hits you but does no damage.
You hit Pikel but do no damage.
Pikel is lightly wounded.
Pikel barely misses you.
You closely miss Pikel.
Pikel is lightly wounded.
Pikel hits you but does no damage.
You hit Pikel but do no damage.
Pikel is lightly wounded.
Pikel hits you with a +0 whip of flaming!
Pikel burns you.
You closely miss Pikel.
Pikel is lightly wounded.
Pikel hits you with a +0 whip of flaming!
* * * LOW HITPOINT WARNING * * *
Pikel burns you.
* * * LOW HITPOINT WARNING * * *
Pikel hits you but does no damage.
You feel very mighty all of a sudden.
Pikel hits you with a +0 whip of flaming.
* * * LOW HITPOINT WARNING * * *
Pikel burns you.
* * * LOW HITPOINT WARNING * * *
You closely miss Pikel.
Pikel is lightly wounded.
Pikel hits you but does no damage.
You sock Pikel!
Pikel is heavily wounded.
Pikel hits you with a +0 whip of flaming.
You die...

###.#.## #.........#
....#.####.........#
###.....#..........#
###.....#.#.#...#.##
.##.....#.#.#...#.#
.##.....#.#.....#.#
.##.....#.#..##.#.#
.########.#..##K#.#
.# #.......@.# .#
####.###### .# #.#
.######### #.#
.#.......# #.#
......##.###.#
.#.##....[...#
.#.#####.#####
.#.#####.#


You could see Pikel.

Vanquished Creatures
  Pargi (D:4)
  The ghost of hitsuchi the Digger, a weakling MeEE (D:3)
  2 hounds (D:4)
  Jessica (D:2)
  Natasha (twice) (D:2)
  Ijyb (D:3)
  Robin (D:3)
  5 adders
  2 worms (D:3)
  3 dart slugs (D:2)
  3 orcs (D:3)
  5 bats
  2 endoplasms
  A giant cockroach (D:3)
  18 goblins
  8 hobgoblins
  5 kobolds
  A quokka (D:4)
  6 ball pythons
  3 frilled lizards
  4 rats
75 creatures vanquished.

Notes
Turn   | Place    | Note
-------+----------+-------------------------------------------
     0 | D:1      | AdnanSaban the Gargoyle Fighter began the quest for the
                  | Orb.
     0 | D:1      | Reached XP level 1. HP: 14/14 MP: 1/1
   206 | D:1      | Reached XP level 2. HP: 19/19 MP: 2/2
   782 | D:2      | Noticed Jessica
   844 | D:2      | Reached XP level 3. HP: 23/23 MP: 3/3
   851 | D:2      | Killed Jessica
  1068 | D:2      | Reached XP level 4. HP: 29/29 MP: 4/4
  1285 | D:2      | Noticed Natasha
  1299 | D:2      | Killed Natasha
  1300 | D:2      | Reached skill level 3 in Maces & Flails
  1596 | D:2      | Noticed Natasha
  1602 | D:2      | Killed Natasha
  1603 | D:2      | Reached XP level 5. HP: 33/33 MP: 5/5
  1972 | D:3      | Noticed hitsuchi's ghost (weakling MeEE)
  2035 | D:3      | Found a runed translucent gate.
  2035 | D:3      | Found a runed translucent gate.
  2035 | D:3      | Found a runed translucent gate.
  2229 | D:3      | Noticed Ijyb
  2240 | D:3      | Killed Ijyb
  2241 | D:3      | Reached skill level 4 in Maces & Flails
  2255 | D:3      | Noticed Robin
  2276 | D:3      | Killed Robin
  2298 | D:3      | Reached XP level 6. HP: 36/38 MP: 6/6
  2484 | D:3      | Killed hitsuchi's ghost
  2521 | D:4      | Noticed Pargi
  2541 | D:4      | Killed Pargi
  2542 | D:4      | Reached skill level 5 in Maces & Flails
  2678 | D:4      | Found an opulent altar of Gozag.
  2814 | D:4      | Noticed Pikel
  2815 | D:4      | Noticed Edmund
  2850 | D:3      | HP: 1/39 [Pikel/+0 whip of flaming (1)]
  2852 | D:3      | Slain by Pikel

Illustrated notes

Levels and vault maps discovered:
D:1:      dpeg_arrival_round_c, layout_basic
D:2:      layout_basic, uniq_jessica, uniq_natasha
D:3:      layout_loops_cross, gammafunk_ghost_split, kennysheep_pointless_box,
          uniq_robin, uniq_ijyb
D:4:      layout_basic, mainiacjoe_overflow_paths, kennysheep_generic_room_14,
          uniq_pikel, uniq_edmund, uniq_pargi

Skill      XL: |  1  2  3  4  5  6 |
---------------+-------------------+-----
Armour         | 4 |  4.8
Maces & Flails | 3 4 5 |  5.2
Fighting       | 4 |  4.5
Shields        | 4 |  4.0
Dodging        | |  0.2

Action                     |  1- 3 |  4- 6 || total
---------------------------+-------+-------++-------
  Melee: Flail             |    67 |   199 ||   266
    Use: Potion            |       |     1 ||     1
 Armour: Scale mail        |    14 |       ||    14
         Plate armour      |    32 |   150 ||   182
  Dodge: Dodged            |    23 |    75 ||    98
  Block: Buckler           |    24 |    45 ||    69

Table legend: (Time is in decaauts)
 A = Elapsed time spent in this place.
 B = Non-inter-level travel time spent in this place.
 C = Inter-level travel time spent in this place.
 D = Time resting spent in this place.
 E = Time spent auto-exploring this place.
 F = Levels seen in this place.
 G = Mean time per level.
                   A        B        C        D        E       F      G
               +--------+--------+--------+--------+--------+-----+--------+
         Total |   2922 |   2829 |     93 |    130 |   2069 |   4 |  730.5 |
       Dungeon |   2922 |   2829 |     93 |    130 |   2069 |   4 |  730.5 |
               +--------+--------+--------+--------+--------+-----+--------+

Top non-repeatable levels by time:
     D:2: 961 daAuts
     D:3: 879 daAuts
     D:1: 852 daAuts
     D:4: 229 daAuts
